 Dungeon Crawl Stone Soup version 0.29.0-15-g675c0067aa (webtiles) character file.

Game seed: 10507813678155006311

21 qw the Sneak (level 2, 0/19 HPs)
             Began as a Gargoyle Delver on Sept 11, 2022.
             Slain by a scorpion (6 damage)
             ... on level 4 of the Dungeon.
             The game lasted 00:00:13 (908 turns).

qw the Sneak (Gargoyle Delver)                       Turns: 908, Time: 00:00:14

Health: 0/19       AC:  5    Str: 15    XL:     2   Next: 83%
Magic:  2/2        EV: 11    Int: 10    God:
Gold:   0          SH:  0    Dex: 11    Spells: 1/1 levels left

rFire   . . .      SeeInvis .   a - +0 hand axe
rCold   . . .      Faith    .   (no shield)
rNeg    + . .      Spirit   .   b - +0 leather armour
rPois   inf        Reflect  .   (no helmet)
rElec   +          Harm     .   (no cloak)
rCorr   .          Rampage  .   (no gloves)
Will    .....                   (no boots)
Stlth   +++.......              (no amulet)
HPRegen 0.06/turn               (no ring)
MPRegen 0.08/turn               (no ring)

@: no status effects
A: sickness immunity, AC +2, negative energy resistance 1, electricity
resistance, torment resistance 1, petrification resistance
a: no special abilities


You were on level 4 of the Dungeon.
You visited 1 branch of the dungeon, and saw 2 of its levels.


Innate Abilities, Weirdness & Mutations

You are immune to sickness and miasma.
Your stone body is resilient. (AC +2)
You are immune to poison.
You resist negative energy. (rN+)
You are resistant to electric shocks. (rElec)
You are resistant to unholy torment.
You are immune to petrification.


   Skills:
 - Level 3.2 Fighting
 + Level 3.0 Axes
 - Level 1.5 Dodging
 - Level 5.4 Stealth


You had one spell level left.
You didn't know any spells.
Your spell library was empty.

Inventory:

Hand Weapons
 a - a +0 hand axe (weapon)
 i - a +0 mace
Armour
 b - a +0 leather armour (worn)
Wands
 g - a wand of digging (3)
Scrolls
 c - a scroll of fog
 d - a scroll of magic mapping
 e - a scroll of fear
 h - a scroll of identify {unknown}
Potions
 f - a potion of haste

Dungeon Overview and Level Annotations

Branches:
Dungeon (5/15)
 Temple: D:4-7

Altars:
Cheibriados
The Shining One


Message History

You see here a dart slug corpse.
Found a stone staircase leading down.
A kobold comes into view. It is wielding a +0 short sword.
You barely miss the kobold. The kobold barely misses you.
You hit the kobold.
You kill the kobold!
Your Axes skill increases to level 3!
A scorpion comes into view.
You closely miss the scorpion. The scorpion barely misses you.
You hit the scorpion but do no damage. The scorpion stings you.
The scorpion barely misses you.
You hit the scorpion.
The scorpion is lightly wounded.
The scorpion stings you but does no damage.
You hit the scorpion.
The scorpion is lightly wounded.
The scorpion stings you!
You hit the scorpion but do no damage.
The scorpion is lightly wounded.
The scorpion barely misses you.
The scorpion stings you but does no damage.
You hit the scorpion.
The scorpion is moderately wounded.
The scorpion barely misses you.
You closely miss the scorpion.
The scorpion is moderately wounded.
The scorpion closely misses you. The scorpion barely misses you.
You hit the scorpion.
The scorpion is heavily wounded.
The scorpion stings you.
You hit the scorpion.
The scorpion is severely wounded.
The scorpion stings you but does no damage.
The scorpion stings you.
You hit the scorpion but do no damage.
The scorpion is severely wounded.
The scorpion stings you.
You die...

# ####. ... ###### #...
... #..... #... ..
#..... ###..... #.....
#....#. #..... #.....
####'# #...s# ##.# #
#...@# ######..#
...#....# #####.%...%##
#......####.....##.<...
#........#..#..........
#....##.)..##.####.....
.......>..####.# #.....
.########.# #.# #.....
#.# #.# #..... #.# #.#
#.....


You could see a scorpion.

Vanquished Creatures
  An adder (D:4)
  2 worms (D:4)
  A dart slug (D:4)
  A giant cockroach (D:4)
  A kobold (D:4)
6 creatures vanquished.

Notes
Turn   | Place    | Note
-------+----------+-------------------------------------------
     0 | D:5      | qw the Gargoyle Delver began the quest for the Orb.
     0 | D:5      | Reached XP level 1. HP: 14/14 MP: 1/1
     0 | D:5      | 0 ||| qw: Version: 0.1-a-118-gb4e7ce6
     0 | D:5      | 0 ||| qw: Game counter: 10508
     0 | D:5      | 0 ||| qw: Always use a shield: true
     0 | D:5      | 0 ||| qw: God list: Okawaru
     0 | D:5      | 0 ||| qw: Allow faded altars: false
     0 | D:5      | 0 ||| qw: Do Orc after D:15 true
     0 | D:5      | 0 ||| qw: Do second Lair branch before Depths: true
     0 | D:5      | 0 ||| qw: Lair rune preference: random
     0 | D:5      | 0 ||| qw: Plans: Normal
     0 | D:5      | 0 ||| PLANNING D:1-11
    29 | D:5      | Found a glowing golden altar of the Shining One.
    30 | D:5      | 30 ||| FLEEEEING.
    35 | D:5      | 35 ||| STAIRDANCE
    54 | D:4      | Found a snail-covered altar of Cheibriados.
   306 | D:4      | Reached XP level 2. HP: 11/19 MP: 2/2
   515 | D:4      | 515 ||| Stepping ~*~*~tactically~*~*~ (hiding).
   617 | D:4      | 617 ||| Stepping ~*~*~tactically~*~*~ (hiding).
   719 | D:4      | 719 ||| Stepping ~*~*~tactically~*~*~ (hiding).
   821 | D:4      | 821 ||| Stepping ~*~*~tactically~*~*~ (hiding).
   822 | D:4      | 822 ||| Stepping ~*~*~tactically~*~*~ (hiding).
   825 | D:4      | 825 ||| Stepping ~*~*~tactically~*~*~ (hiding).
   884 | D:4      | Reached skill level 3 in Axes
   887 | D:4      | Noticed a scorpion
   908 | D:4      | Slain by a scorpion

Levels and vault maps discovered:
D:4:      layout_basic, slow_altar_1, uniq_sigmund
D:5:      layout_loops_ring, mainiacjoe_overflow_catwalk,
          mainiacjoe_overflow_chevrons, minmay_temple_entry_trees, minivault_19,
          uniq_crazy_yiuf_cottage, uniq_ijyb

Skill      XL: |  1  2 |
---------------+-------+-----
Axes           | 2 3 |  3.0
Fighting       | |  3.2
Dodging        | |  1.5
Stealth        | |  5.4

Action                   || total
-------------------------++-------
Melee: Hand axe          ||    40
Armor: Leather armour    ||     6
Dodge: Dodged            ||    21

Table legend:
 A = Non-vault XP
 B = Vault XP
 C = Vault XP percentage of total XP
 D = Non-vault monster count
 E = Vault monster count
 F = Vault count percentage of total count
                 A         B        C        D         E       F
            +---------+---------+-------+---------+---------+-------
      Total |      25 |       5 |  16.7 |       5 |       1 |  16.7
            +---------+---------+-------+---------+---------+-------
        D:4 |      25 |       5 |  16.7 |       5 |       1 |  16.7
            +---------+---------+-------+---------+---------+-------
